 Dungeon Crawl Stone Soup version 0.29-a0-284-gf9362112df (webtiles) character file.

Game seed: 557585612094257196

14207 avis the Severer (level 12, -1/106 HPs)
             Began as a Hill Orc Monk on Mar 19, 2022.
             Was an Elder of Beogh.
             Slain by a sixfirhy (9 damage)
             ... led by a cacodemon
             ... on level 3 of the Abyss on Mar 20, 2022.
             The game lasted 01:14:52 (14208 turns).

avis the Severer (Hill Orc Monk)                   Turns: 14208, Time: 01:14:53

Health: -1/106     AC: 16    Str: 23    XL:     12   Next: 14%
Magic:  28/28      EV: 12    Int: 12    God:    Beogh [****..]
Gold:   245        SH:  5    Dex: 12    Spells: 11/11 levels left

rFire   . . .      SeeInvis .   b - +2 hand axe (vamp)
rCold   + . .      Faith    .   e - +0 buckler
rNeg    . . .      Spirit   .   j - quicksilver dragon scales of the Stallion {+Inv Will+ Str+6 Dex-4}
rPois   .          Reflect  .   V - +2 hat of the Delightful God {Dex-2 Slay+5}
rElec   .          Harm     .   E - +0 cloak
rCorr   .          Rampage  .   U - +0 pair of gloves of Elyvilon's Approval {Regen+ Dex+5 Slay+5}
Will    +....                   Y - +0 pair of boots
Stlth   +.........              (no amulet)
HPRegen 1.07/turn               v - ring of magical power
MPRegen 0.21/turn               J - ring of protection from cold

@: no status effects
A: no striking features
a: Renounce Religion, Evoke Invisibility, Smiting, Recall Orcish Followers


You were on level 3 of the Abyss.
You worshipped Beogh.
Beogh was greatly pleased with you.
You visited 3 branches of the dungeon, and saw 13 of its levels.
You visited the Abyss 1 time.
You also visited: Ossuary and Volcano.

You collected 868 gold pieces.
You spent 623 gold pieces at shops.

Inventory:

Hand Weapons
 a - a +1 battleaxe of flaming
 b - a +2 vampiric hand axe (weapon)
 c - a +1 battleaxe
 k - a +0 halberd
 n - a +0 mace of flaming
 w - a +2 shortbow of freezing
 x - a +0 mace of flaming
 P - a +0 glaive of flaming
 W - a +2 mace of protection
Missiles
 p - 5 throwing nets (quivered)
 y - 4 poisoned darts
Armour
 d - a +1 chain mail
 e - a +0 buckler (worn)
 h - a +0 helmet
 j - the quicksilver dragon scales of the Stallion (worn) {+Inv Will+ Str+6 Dex-4}
   (You acquired it on level 1 of the Lair of Beasts)

   Str:       It affects your strength (+6).
   Dex:       It affects your dexterity (-4).
   +Inv:      It lets you turn invisible.
   Will:      It increases your willpower.
 u - a +0 robe of fire resistance
 E - a +0 cloak (worn)
 G - a +0 leather armour of fire resistance
 R - a +1 pair of gloves of dexterity
 U - the +0 pair of gloves of Elyvilon's Approval (worn) {Regen+ Dex+5 Slay+5}
   (You bought it in a shop on level 4 of the Dungeon)

   Dex:       It affects your dexterity (+5).
   Slay:      It affects your accuracy & damage with ranged weapons and melee
   (+5).
   Regen:     It increases your rate of health regeneration.
 V - the +2 hat of the Delightful God (worn) {Dex-2 Slay+5}
   (You found it in a volcano)

   Dex:       It affects your dexterity (-2).
   Slay:      It affects your accuracy & damage with ranged weapons and melee
   (+5).
 Y - a +0 pair of boots (worn)
Jewellery
 r - a ring of see invisible
 v - a ring of magical power (left hand)
 J - a ring of protection from cold (right hand)
Wands
 F - a wand of iceblast (22)
 H - a wand of flame (45)
 K - a wand of acid (8)
 O - a wand of polymorph (3)
 T - a wand of mindburst (7)
Scrolls
 g - a scroll of blinking
 i - 6 scrolls of teleportation
 l - 3 scrolls of immolation
 m - a scroll of enchant armour
 o - 3 scrolls of enchant weapon
 s - a scroll of fear
 B - 2 scrolls of fog
 C - a scroll of holy word
 D - a scroll of silence {unknown}
 M - 4 scrolls of amnesia
Potions
 f - 2 potions of haste
 q - 2 potions of lignification
 t - a potion of invisibility
 z - 4 potions of flight
 A - 5 potions of curing
 I - a potion of might
 L - 4 potions of brilliance
 N - a potion of magic {unknown}
 Q - 2 potions of cancellation
 S - a potion of resistance


   Skills:
 * Level 10.0 Fighting
 - Level 18.0 Axes
 - Level 5.0 Armour
 - Level 5.0 Dodging
 - Level 1.5 Stealth
 - Level 4.0 Shields
 - Level 10.0 Invocations


You had 11 spell levels left.
You didn't know any spells.
Your spell library contained the following spells:

 Spells                   Type           Power      Damage    Failure   Level
 Magic Dart               Conj           0%         1d3       54%         1
 Searing Ray              Conj           0%         2d4       69%         2
 Confusing Touch          Hex            0%         N/A       89%         3
 Fulminant Prism          Conj/Hex       0%         3d6       100%        4
 Yara's Violent Unravell  Hex/Tmut       0%         3d3       100%        5
 Enfeeble                 Hex            0%         N/A       100%        7


Dungeon Overview and Level Annotations

Branches:
Dungeon (10/15)            Temple (1/1) D:6            Lair (2/6) D:8
Ossuary (visited)         Volcano (visited)
  Swamp: Lair:2-4    Shoals: Lair:2-4     Snake: Lair:2-4    Spider: Lair:2-4
    Orc: D:9-12

Altars:
Dithmenos
Gozag
Hepliaklqana
Nemelex Xobeh
Okawaru
Trog
Vehumet
Xom
Yredelemnul
Zin

Shops:
D:3 *?*(   D:4 [?[   D:6 *

Annotations:
D:1 Unexplored places


Message History

You miss the sixfirhy.
The sixfirhy is lightly wounded.
You barely miss the sixfirhy.
The sixfirhy hits you but does no damage. x3
The cacodemon gestures next to the sixfirhy.
You hear a grinding noise.
The sixfirhy hits you but does no damage.
You miss the sixfirhy.
The sixfirhy is lightly wounded.
You slash the sixfirhy!
The sixfirhy hits you but does no damage. x5
You miss the sixfirhy.
The sixfirhy is lightly wounded.
You slash the sixfirhy! The sixfirhy misses you.
The sixfirhy hits you but does no damage.
The orange demon stings you from afar.
A small abomination comes into view.
The sixfirhy barely misses you.
You slash the sixfirhy!
The sixfirhy is moderately wounded.
You hit the sixfirhy. The sixfirhy closely misses you.
The orange demon stings you from afar.
You hit the cacodemon.
The cacodemon is lightly wounded.
You hit the sixfirhy. You slash the cacodemon!
The cacodemon is lightly wounded.
You hit the sixfirhy. You block the sixfirhy's attack.
The orange demon stings you from afar!
The sixfirhy hits you but does no damage.
You hit the cacodemon but do no damage.
The cacodemon is lightly wounded.
You closely miss the sixfirhy. The sixfirhy hits you!
* * * LOW HITPOINT WARNING * * *
The sixfirhy shocks you!
* * * LOW HITPOINT WARNING * * *
The sixfirhy hits you.
* * * LOW HITPOINT WARNING * * *
The sixfirhy shocks you!
You die...

#. . #..... #
##. # # .#
..#...# ....
####.##..# . .#
# # ###.###..#
...## #...##
..##.## #.. ..
..#.#.# #.#..#
.#. .
.##..##.#4# . #
...##......2#3#
#. .
..######3#@#
#.# . ### #
.#..### # # .#
. . ..


You could see a cacodemon, an orange demon and a sixfirhy.

Vanquished Creatures
  A tentacled starspawn (Abyss:3)
  Harold (Lair:2)
  A dancing weapon (Volcano)
  2 two-headed ogres
  2 wizards (Volcano)
  2 large abominations (Abyss:3)
  5 toenail golems (Volcano)
  A smoke demon (Abyss:3)
  A gargoyle (D:10)
  A cane toad (Lair:2)
  3 komodo dragons
  A polar bear (Lair:2)
  A troll (D:10)
  2 blink frogs (Lair:1)
  3 starcursed masses (Abyss:3)
  15 yaks
  A basilisk (D:8)
  A steam dragon (D:6)
  An acid dragon (D:9)
  3 water moccasins
  3 sky beasts
  An orc warrior (D:9)
  5 ice beasts
  4 black bears
  4 centaurs
  A phantom (D:5)
  An elf zombie (Ossuary)
  A kobold brigand (D:9)
  Blork the orc (D:5)
  A necrophage (D:4)
  3 bullfrogs
  A gnoll sergeant (D:8)
  5 scorpions
  3 wights (D:8)
  3 killer bees (D:9)
  3 jellies
  2 orc priests
  Crazy Yiuf (D:7)
  5 hounds
  A human zombie (Ossuary)
  A gnoll shaman (D:4)
  2 iguanas (D:6)
  8 orc wizards
  2 hound zombies (Ossuary)
  5 mummies
  8 gnolls
  3 adders
  2 shadow imps
  A white imp (D:7)
  An ufetubus (D:5)
  A worm (D:3)
  26 orcs
  3 ball pythons
  4 bats (D:1)
  6 endoplasms
  3 giant cockroaches
  19 goblins
  8 hobgoblins
  A jackal (D:1)
  3 quokkas (D:1)
  2 frilled lizards (D:1)
  A goblin zombie (Ossuary)
  2 hobgoblin zombies (Ossuary)
  A jackal zombie (Ossuary)
  12 kobolds
  3 kobold zombies
  3 orc zombies
  7 rats
  A starspawn tentacle (Abyss:3)
236 creatures vanquished.

Vanquished Creatures (collateral kills)
  A cyclops (D:8)
  A komodo dragon (D:8)
  A blink frog (D:8)
  A yak (D:8)
  A steam dragon (D:8)
  An orc warrior (D:10)
  2 wights (D:8)
  2 orc wizards (D:10)
  An orc (D:10)
11 creatures vanquished.

Vanquished Creatures (others)
  2 orc wizards
  3 orc priests
  3 orcs
  A fungus (Lair:2)
  43 plants
  A starspawn tentacle (Abyss:3)
53 creatures vanquished.

Grand Total: 300 creatures vanquished

Notes
Turn   | Place    | Note
-------+----------+-------------------------------------------
     0 | D:1      | avis the Hill Orc Monk began the quest for the Orb.
     0 | D:1      | Reached XP level 1. HP: 19/19 MP: 1/1
   277 | D:1      | Reached XP level 2. HP: 26/26 MP: 2/2
   342 | D:1      | Reached skill level 5 in Axes
   657 | D:1      | Reached XP level 3. HP: 30/31 MP: 3/3
  1453 | D:2      | Found a faded altar of an unknown god.
  1627 | D:2      | Reached skill level 6 in Axes
  1782 | D:3      | Found Jybuux's Magic Scroll Emporium.
  1804 | D:3      | Found Aged's Assorted Antiques.
  1894 | D:3      | Found Jexkuciv's Assorted Antiques.
  1901 | D:3      | Found Buthuchenn's Weapon Shoppe.
  2077 | D:3      | Reached XP level 4. HP: 11/39 MP: 4/4
  2310 | D:3      | Reached skill level 7 in Axes
  2379 | D:3      | Bought a glowing hand axe for 150 gold pieces
  2452 | D:3      | Found a glowing silver altar of Zin.
  2541 | D:3      | Found a basalt altar of Yredelemnul.
  2662 | D:4      | Found Jybuuj's Magic Scroll Shop.
  2683 | D:4      | Found a sand-covered staircase.
  2694 | D:4      | Reached XP level 5. HP: 7/46 MP: 5/5
  2974 | Ossuary  | Entered an ossuary
  3026 | Ossuary  | HP: 2/46 [human zombie (1)]
  3032 | Ossuary  | Reached skill level 8 in Axes
  3035 | Ossuary  | Reached XP level 6. HP: 6/52 MP: 6/6
  3551 | Ossuary  | Reached skill level 9 in Axes
  3714 | D:4      | Found Afates's Armour Shop.
  3807 | D:4      | Found a bloodstained altar of Trog.
  3807 | D:4      | Noticed a black bear
  3807 | D:4      | Noticed a black bear
  3816 | D:4      | Killed a black bear
  3817 | D:4      | Reached skill level 10 in Axes
  3817 | D:4      | Reached XP level 7. HP: 57/59 MP: 7/7
  3987 | D:4      | Found a sparkling altar of Nemelex Xobeh.
  4083 | D:4      | Found Wyghyth's Armour Shoppe.
  4167 | D:5      | Entered Level 5 of the Dungeon
  4264 | D:4      | Reached skill level 11 in Axes
  4429 | D:4      | Became a worshipper of Beogh the Brigand
  4429 | D:4      | Reached * piety under Beogh
  4429 | D:4      | Reached ** piety under Beogh
  4758 | D:5      | Reached skill level 1 in Invocations
  4797 | D:5      | Reached XP level 8. HP: 39/66 MP: 7/9
  4813 | D:5      | Reached skill level 12 in Axes
  5211 | D:5      | Noticed Blork the orc
  5225 | D:5      | Killed Blork the orc
  5570 | D:5      | Reached skill level 5 in Fighting
  5918 | D:6      | Found an opulent altar of Gozag.
  5918 | D:6      | Found Gozag's Platinum Reserve.
  5954 | D:6      | Reached skill level 5 in Invocations
  6089 | D:6      | Reached skill level 13 in Axes
  6089 | D:6      | Reached XP level 9. HP: 24/75 MP: 12/12
  6520 | D:6      | Found a radiant altar of Vehumet.
  6963 | D:6      | Found a staircase to the Ecumenical Temple.
  6968 | Temple   | Entered the Ecumenical Temple
  7169 | D:6      | Reached skill level 1 in Armour
  7579 | D:7      | Found a runed translucent door.
  7580 | D:7      | Noticed Crazy Yiuf
  7586 | D:7      | Killed Crazy Yiuf
  7641 | D:7      | Found a shimmering altar of Xom.
  8523 | D:7      | Reached skill level 14 in Axes
  9013 | D:8      | Noticed a komodo dragon
  9030 | D:8      | Killed a komodo dragon
  9041 | D:8      | Reached skill level 5 in Armour
  9056 | D:8      | Reached *** piety under Beogh
  9057 | D:8      | Reached XP level 10. HP: 72/90 MP: 13/13
  9221 | D:8      | Noticed a cyclops
  9665 | D:8      | Killed a cyclops
 10226 | D:8      | Reached skill level 10 in Fighting
 10539 | D:4      | Bought the +0 pair of gloves of Elyvilon's Approval {Regen+
                  | Dex+5 Slay+5} for 473 gold pieces
 10752 | D:8      | Found a shadowy altar of Dithmenos.
 10753 | D:8      | Found a hazy altar of Hepliaklqana.
 10822 | D:8      | Found an iron altar of Okawaru.
 10861 | D:8      | Found a staircase to the Lair.
 10998 | D:9      | Noticed a two-headed ogre
 11012 | D:8      | Killed a two-headed ogre
 11113 | D:9      | Noticed a two-headed ogre
 11131 | D:9      | Reached skill level 5 in Dodging
 11144 | D:9      | Killed a two-headed ogre
 11240 | D:9      | Identified the +7 falchion of Inference {vamp, Fly Int-4
                  | Dex+6 Stlth+}
 11392 | D:9      | Reached XP level 11. HP: 95/99 MP: 17/17
 11834 | D:10     | Entered Level 10 of the Dungeon
 12075 | D:10     | Gained Boderik as an ally
 12109 | D:10     | Reached skill level 10 in Invocations
 12109 | D:10     | Reached **** piety under Beogh
 13354 | Lair:1   | Entered Level 1 of the Lair of Beasts
 13422 | Lair:1   | Reached skill level 15 in Axes
 13500 | D:8      | HP: 3/99 [komodo dragon (8)]
 13514 | Lair:1   | Identified a scroll of acquirement
 13514 | Lair:1   | Acquired the quicksilver dragon scales of the Stallion
                  | {+Inv Will+ Str+6 Dex-4}
 13569 | Lair:1   | You fall into a shaft and drop 1 floor!
 13589 | Lair:2   | Noticed Harold
 13609 | Lair:2   | Reached skill level 16 in Axes
 13628 | Lair:2   | Killed Harold
 13699 | Lair:1   | Found a dark tunnel.
 13708 | Volcano  | Entered a volcano
 13710 | Volcano  | Noticed a wizard
 13719 | Volcano  | Killed a wizard
 13720 | Volcano  | Reached skill level 17 in Axes
 13820 | Volcano  | Noticed a +0 mace of flaming
 13836 | Volcano  | Reached XP level 12. HP: 100/106 MP: 19/19
 13845 | Volcano  | Reached skill level 18 in Axes
 13871 | Volcano  | Identified the +2 hat of the Delightful God {Dex-2 Slay+5}
 13962 | Volcano  | Cast into level 3 of the Abyss (a wizard)
 13964 | Abyss:3  | Noticed a tentacled starspawn
 13972 | Abyss:3  | Killed a tentacled starspawn
 13992 | Abyss:3  | Noticed a starcursed mass
 14047 | Abyss:3  | Noticed a starcursed mass
 14076 | Abyss:3  | Killed a starcursed mass
 14081 | Abyss:3  | Noticed a cacodemon
 14173 | Abyss:3  | Noticed a cacodemon
 14208 | Abyss:3  | Slain by a sixfirhy

Illustrated notes

Levels and vault maps discovered:
D:1:      dpeg_cavernosity, layout_basic
D:2:      layout_rooms, ebering_ecumenical_altar_box
D:3:      cheibrodos_greedy_goblins, layout_rooms, zin_scriptorium,
          mainiacjoe_overflow_alcove_4, serial_shops, shop, nicolae_shop_trees,
          nicolae_shop_bloodbath_and_beyond, shop_fountains
D:4:      layout_rooms, trog_ov_bears_minmay, nemelex_spade_bored_becter,
          serial_shops, shop, nicolae_shop_stone, nicolae_shop_waterfront,
          nicolae_ossuary_entry_giza, hangedman_abyss_or_decor_lesser_grid,
          nrook_campfire
D:5:      minmay_general_purpose_star, layout_loops_cross, uniq_blork_the_orc
D:6:      layout_rooms, mainiacjoe_overflow_six_doors_small,
          nicolae_gozag_zags_fifth_avenue, minmay_temple_entry_nine_rooms
D:7:      nicolae_cairo_tiling, layout_basic, lemuel_crystal_altar,
          minmay_misc_feat_ornament, uniq_crazy_yiuf_cottage
D:8:      layout_layer_cave, riverfiend_overflow_shadow_ancestor,
          okawaru_gym_becter, david_lair_shrubbed, kb_rosetta
D:9:      layout_small_grid
D:10:     layout_long_grid
Temple:   minmay_temple_forest_path
Lair:1:   layout_layer_cave, enter_volcano_2, grunt_megastairs_1,
          serial_bayou_shore_a
Lair:2:   layout_loops_ring, serial_bayou_ford_a, grunt_megastairs_2,
          lemuel_fruit_tree, uniq_harold, uniq_amaemon, uniq_gastronok
Abyss:3:  base: D:11, gammafunk_abyss_exit_x_factor
Volcano:  volcano_bunker

Skill      XL: |  1  2  3  4  5  6  7  8  9 10 11 12 |
---------------+-------------------------------------+-----
Axes           | 5 6 7 8 10 11 13 14 17 18 | 18.0
Fighting       | 4 5 8 10 | 10.0
Invocations    | 2 5 9 10 | 10.0
Armour         | 5 |  5.0
Dodging        | 5 |  5.0
Shields        | 4 |  4.0
Stealth        | |  1.5

Action                   |  1- 3 |  4- 6 |  7- 9 | 10-12 || total
-------------------------+-------+-------+-------+-------++-------
Melee: Hand axe          |   151 |   144 |   398 |   422 ||  1115
       Punch             |       |     4 |     9 |     5 ||    18
Throw: Dart              |       |       |       |    11 ||    11
Invok: Convert to Beogh  |       |       |     1 |       ||     1
       Recall Orcish Fol |       |       |       |     4 ||     4
       Stop Recall       |       |       |       |     2 ||     2
Evoke: Wand              |       |       |     1 |       ||     1
  Use: Potion            |     1 |     3 |       |     3 ||     7
       Scroll            |       |     7 |     4 |    13 ||    24
 Stab: Invisible         |       |     2 |       |     2 ||     4
       Confused          |       |       |       |     3 ||     3
       Distracted        |       |       |       |     1 ||     1
Armor: Chain mail        |   103 |    68 |   158 |   116 ||   445
       Quicksilver drago |       |       |       |    65 ||    65
Dodge: Dodged            |    54 |    44 |   101 |   159 ||   358
Block: Buckler           |       |       |       |     7 ||     7

Table legend: (Time is in decaauts)
 A = Elapsed time spent in this place.
 B = Non-inter-level travel time spent in this place.
 C = Inter-level travel time spent in this place.
 D = Time resting spent in this place.
 E = Time spent auto-exploring this place.
 F = Levels seen in this place.
 G = Mean time per level.
                   A        B        C        D        E       F      G
               +--------+--------+--------+--------+--------+-----+--------+
         Total |  13923 |  12633 |   1290 |   3731 |   5616 |  16 |  870.2 |
       Dungeon |  12449 |  11161 |   1288 |   3149 |   5609 |  10 | 1244.9 |
        Temple |    127 |    126 |      1 |     50 |      0 |   1 |  127.0 |
          Lair |    226 |    226 |      0 |      0 |      0 |   2 |  113.0 |
         Abyss |    220 |    220 |      0 |     84 |      0 |   1 |  220.0 |
       Ossuary |    674 |    674 |      0 |    448 |      7 |   1 |  674.0 |
       Volcano |    225 |    225 |      0 |      0 |      0 |   1 |  225.0 |
               +--------+--------+--------+--------+--------+-----+--------+

Top non-repeatable levels by time:
     D:8: 2039 daAuts
     D:6: 1688 daAuts
     D:7: 1639 daAuts
     D:4: 1395 daAuts
     D:1: 1308 daAuts
     D:5: 1242 daAuts
     D:9: 967 daAuts
     D:3: 882 daAuts
    D:10: 836 daAuts
 Ossuary: 674 daAuts
     D:2: 449 daAuts
 Volcano: 225 daAuts
 Abyss:3: 220 daAuts
  Lair:1: 160 daAuts
  Temple: 127 daAuts
